 Dungeon Crawl Stone Soup version 0.26.0-10-g1f06aea511 (webtiles) character file.

Game seed: 8082758863945645045

104 inc the Vexing (level 4, -3/21 HPs)
             Began as a Felid Enchanter on Jan 29, 2021.
             Shot with an arrow by a centaur (11 damage)
             ... on level 2 of the Dungeon.
             The game lasted 00:07:53 (5804 turns).

inc the Vexing (Felid Enchanter)                    Turns: 5804, Time: 00:07:54

Health: -3/21      AC:  1    Str:  4    XL:     4   Next: 52%
Magic:  4/8        EV: 19    Int: 16    God:
Gold:   138        SH:  0    Dex: 17    Spells: 4/7 levels left
                                        Lives:  0   Deaths: 1

rFire    . . .     SeeInvis +     - Unarmed
rCold    . . .     Faith    .   (shield unavailable)
rNeg     . . .     Spirit   .   (armour unavailable)
rPois    .         Reflect  .   (helmet unavailable)
rElec    .         Harm     .   (cloak unavailable)
rCorr    .         Rampage  .   (gloves unavailable)
Will     .....                  (boots unavailable)
Stlth    +++.......             (no amulet)
HPRegen  0.07/turn              (no ring)
MPRegen  0.11/turn              (no ring)

@: quick
A: very small, no armour, no weapons or thrown items, stealth, claws 1, fangs 3,
see invisible, speed 1, shaggy fur 1, sharp paws
a: no special abilities


You were on level 2 of the Dungeon.
You visited 1 branch of the dungeon, and saw 3 of its levels.

You collected 138 gold pieces.

Inventory:

Scrolls
 c - a scroll of fog {unknown}
 e - a scroll of random uselessness {unknown}
 g - a scroll of remove curse
Potions
 b - a potion of curing
 f - 3 potions of haste


   Skills:
 - Level 3.1 Fighting
 + Level 3.6 Dodging
 - Level 4.0 Stealth
 - Level 3.4 Unarmed Combat
 - Level 2.0 Spellcasting
 - Level 4.4 Hexes


You had 4 spell levels left.
You knew the following spells:

 Your Spells              Type           Power        Failure   Level
a - Corona                Hex            16%          3%          1
b - Ensorcelled Hibernat  Hex/Ice        16%          13%         2

Your spell library contained the following spells:

 Spells                   Type           Power        Failure   Level
 Confusing Touch          Hex            15%          11%         3
 Tukima's Dance           Hex            15%          11%         3
 Dazzling Flash           Conj/Hex       16%          26%         3


Dungeon Overview and Level Annotations

Branches:
Dungeon (3/15)

Altars:


Innate Abilities, Weirdness & Mutations

You cannot wear armour.
You are incapable of wielding weapons or throwing items.
Your paws allow you to move quietly. (Stealth)
You have sharp claws.
You have razor-sharp teeth.
You have supernaturally acute eyesight. (SInv)
You cover ground quickly.
You are covered in fur. (AC +1)
Your sharp claws are effective at attacking unaware monsters.


Message History

The ooze looks drowsy...
There is a large open door here.
There is a large open door here.
You start resting.
A centaur is nearby!
Casting: Ensorcelled Hibernation (safe; 13% risk of failure)
Confirm with . or Enter, or press ? or * to list all spells.
Aiming: Ensorcelled Hibernation (safe; 13% risk of failure)
Press: ? - help, Shift-Dir - straight line, f - centaur
Aim: a centaur, wielding a +0 shortbow, wearing an uncursed amulet of regeneration and quivering 10 arrows (wandering, hasn't noticed you, chance to affect: 39%)
The centaur shouts!
The centaur looks drowsy...
The centaur shoots an arrow.
The arrow closely misses you.
The centaur shoots an arrow.
The arrow hits you!
Ouch! That really hurt!
The centaur shoots an arrow.
The arrow misses you.
You see here an arrow.
The centaur shoots an arrow.
The arrow hits you!
Ouch! That really hurt!
You die...

.........#.............##........
.........#.............##....(...
.....†....>.......>....'....w....
.....#.......#.........##########
.....#...........................
.....#........[.....##........###
.....#...........c...............
.................................
................@.....###........
...............(......###........
......##.................###....#
......##.................# #.....
......##......(..........# #...##
......##....(#........######...##
......###...'#........#..........
......###......########..........
........#........................


You could see a centaur.

Vanquished Creatures
  A jelly (D:2)
  6 adders
  An ooze (D:2)
  A worm (D:2)
  2 dart slugs (D:1)
  2 leopard geckos (D:3)
  3 orcs (D:3)
  2 ball pythons (D:2)
  6 bats
  6 giant cockroaches
  9 goblins
  6 hobgoblins
  10 kobolds
  2 quokkas
  8 frilled lizards
  9 rats
74 creatures vanquished.

Vanquished Creatures (others)
  8 fungi (D:2)
  7 toadstools (D:2)
15 creatures vanquished.

Grand Total: 89 creatures vanquished

Notes
Turn   | Place    | Note
-------+----------+-------------------------------------------
     0 | D:1      | inc the Felid Enchanter began the quest for the Orb.
     0 | D:1      | Reached XP level 1. HP: 7/7 MP: 4/4
   264 | D:1      | Reached skill level 1 in Fighting
   331 | D:1      | Reached XP level 2. HP: 4/12 MP: 6/6
   404 | D:1      | Learned a level 2 spell: Ensorcelled Hibernation
  2201 | D:1      | Reached XP level 3. HP: 16/16 MP: 2/7
  2727 | D:2      | Found a faded altar of an unknown god.
  3336 | D:3      | Reached XP level 4. HP: 20/20 MP: 8/8
  5487 | D:2      | Noticed a centaur
  5489 | D:2      | Shot with an arrow by a centaur
  5490 | D:2      | Reached XP level 3. HP: -1/17 MP: 6/7
  5512 | D:2      | Reached XP level 4. HP: 21/21 MP: 5/8
  5804 | D:2      | Shot with an arrow by a centaur

Illustrated notes

Levels and vault maps discovered:
D:1:      giann_wishing_wells, layout_loops_corners, serial_bayou_pond_b,
          st_stairs_14, roderic_three_in_a_row, hangedman_decor_points
D:2:      cheibrodos_fertilizer, layout_basic, chequers_ecumenical_altar_twisty,
          wad_floor_pattern_2
D:3:      layout_basic, minmay_misc_feat_roman

Skill      XL: |  1  2  3  4 |
---------------+-------------+-----
Fighting       | 1 2 3 |  3.1
Unarmed Combat | 2 3 |  3.4
Dodging        | 3 |  3.6
Stealth        | |  4.0
Spellcasting   | |  2.0
Hexes          | |  4.4

Action                   |  1- 3 |  4- 6 || total
-------------------------+-------+-------++-------
Melee: Unarmed           |   101 |    61 ||   162
       Bite              |     5 |     4 ||     9
       Punch             |     1 |       ||     1
 Cast: Corona            |    10 |       ||    10
       Ensorcelled Hiber |    48 |    51 ||    99
  Use: Potion            |     1 |       ||     1
       Scroll            |       |     4 ||     4
 Stab: Sleeping          |    27 |    31 ||    58
       Distracted        |       |     1 ||     1
Armor: Skin              |    10 |     3 ||    13
Dodge: Dodged            |   137 |    49 ||   186
